 Dungeon Crawl Stone Soup version 0.17-a0-1954-g0dddeaa (webtiles) character file.

1182 HungrySpirit the Cudgeler (level 8, 0/83 HPs)
             Began as an Ogre Arcane Marksman on Oct 3, 2015.
             Was a Follower of Okawaru.
             Slain by an unseen horror (4 damage)
             ... on level 5 of the Dungeon.
             The game lasted 00:11:10 (4970 turns).

HungrySpirit the Cudgeler (Ogre Arcane Marksman)    Turns: 4970, Time: 00:11:10

Health: 0/83       AC:  6    Str: 17 (18) XL:     8   Next: 42%
Magic:  7/9        EV: 20    Int: 12      God:    Okawaru [*.....]
Gold:   277        SH:  0    Dex: 15      Spells: 1 memorised, 8 levels left

rFire  . . .     SeeInvis .     E - +0 giant club
rCold  . . .     Clarity  +     c - +0 robe
rNeg   . . .     SustAt   .     (no shield)
rPois  +         Gourm    .     p - +2 hat
rElec  .         Spirit   .     A - +0 cloak
rCorr  .         Warding  .     (gloves unavailable)
rMut   .         Stasis   .     (boots unavailable)
MR     .....                    D - amulet of clarity
Stlth  +++.......               v - ring of poison resistance
                                r - ring of flight

@: agile, heroism, not resistant to hostile enchantments, fairly stealthy
A: unfitting armour, tough skin 1
a: Heroism, Renounce Religion, Evoke Flight


You were on level 5 of the Dungeon.
You worshipped Okawaru.
Okawaru was aware of your devotion.
You were very hungry.

You visited 2 branches of the dungeon, and saw 6 of its levels.

You collected 277 gold pieces.

Inventory:

Hand weapons
 B - a +0 blowgun
 E - a +0 giant club (weapon)
Missiles
 b - a throwing net (quivered)
Armour
 c - a +0 robe (worn)
 p - a +2 hat (worn)
 A - a +0 cloak (worn)
Jewellery
 r - a ring of flight (left hand)
 v - a ring of poison resistance (right hand)
 D - an amulet of clarity (around neck)
Magical devices
 a - a wand of confusion (17)
 z - a wand of confusion (19)
Scrolls
 h - 2 scrolls of amnesia {unknown}
 i - a scroll of blinking {unknown}
 j - 3 scrolls of remove curse {unknown}
 l - a scroll of magic mapping {unknown}
 m - 2 scrolls of teleportation {unknown}
 o - a scroll of noise {unknown}
 s - a scroll of immolation {unknown}
 u - 9 scrolls of identify {unknown}
 x - 2 scrolls of recharging {unknown}
 y - a scroll of fear {unknown}
Potions
 f - 3 potions of degeneration
 n - a potion of resistance {unknown}
 t - a potion of magic {unknown}
 w - 2 potions of agility
 C - a potion of haste {unknown}
Books
 d - a book of Debilitation

   Spells                             Type                      Level
   a - Corona                         Hexes                        1
   b - Slow                           Hexes                        2
   c - Gell's Gravitas                Hexes/Translocation          3
   d - Inner Flame                    Hexes/Fire                   3
   e - Cause Fear                     Hexes                        4
   f - Leda's Liquefaction            Hexes/Earth                  4
Comestibles
 e - 3 bread rations
 k - 3 meat rations
 H - a beef jerky


   Skills:
 + Level 6.3(11.3) Fighting
 * Level 7.7(12.7) Maces & Flails
 + Level 5.0(10.0) Throwing
 + Level 4.3(9.3) Dodging
 - Level 1.2 Spellcasting
 - Level 2.1 Hexes


You had 8 spell levels left.
You knew the following spells:

 Your Spells              Type           Power        Failure   Level  Hunger
a - Corona                Hex            #......      14%         1    ##.....


Dungeon Overview and Level Annotations

Branches:
Dungeon (5/15)             Temple (1/1) D:4

Altars:
Ashenzari
Cheibriados
Elyvilon
Fedhas
Gozag
Okawaru
Qazlal
Sif Muna
Trog
Xom
The Shining One


Innate Abilities, Weirdness & Mutations

You are too large for most types of armour.
You have tough skin (AC +1).


Message History

Something hits you.
* * * LOW HITPOINT WARNING * * *
Drink which item? (? for menu, Esc to quit)
You feel better. Something barely misses you.
Throwing (i - inventory. (,) - cycle):
g - a javelin (quivered)
Press: ? - help, Shift-Dir - straight line You throw a javelin.
Something barely misses you. Something hits you but does no damage.
Use which ability?
You gain the combat prowess of a mighty hero.
You feel slightly more hungry. Something hits you.
* * * LOW HITPOINT WARNING * * *
You barely miss something. Something completely misses you.
You miss something. Something hits you!
* * * LOW HITPOINT WARNING * * *
You swing at nothing.
You barely miss something. Something closely misses you.
You swing at nothing.
Something hits you but does no damage.
You barely miss something. Something hits you.
You die...

.. #####..# #####
#......###
#####...########@####.#l
........'......#(#^...#
####....######.#(#.#..###.
....................>.....
####.#.......#.#.###.#...#
.###.#.......#.#.# # #
.............#.#.#
#.....#......#.#(#
#.....#......#.#.#


There were no monsters in sight!

Vanquished Creatures
  Sigmund (D:4)
  A sky beast (D:5)
  2 ogres
  A phantom (D:4)
  3 crimson imps
  5 orc wizards
  Crazy Yiuf (D:3)
  2 iguanas
  2 hounds (D:4)
  4 worker ants
  Jessica (D:3)
  6 adders
  A shadow imp (D:5)
  3 worms
  14 orcs
  7 goblins
  4 hobgoblins
  3 quokkas
  3 ball pythons
  13 bats
  4 giant cockroaches
  5 giant geckos
  A giant gecko zombie (D:5)
  2 giant newts
  A jackal skeleton (D:5)
  9 kobolds
  10 rats
109 creatures vanquished.

Vanquished Creatures (others)
  5 fungi (D:5)
5 creatures vanquished.

Grand Total: 114 creatures vanquished

Notes
Turn   | Place    | Note
--------------------------------------------------------------
     0 | D:1      | HungrySpirit the Ogre Arcane Marksman began the quest for the Orb.
     0 | D:1      | Reached XP level 1. HP: 19/19 MP: 2/2
   295 | D:1      | Reached XP level 2. HP: 23/28 MP: 3/3
   588 | D:2      | Reached skill level 1 in Maces & Flails
   588 | D:2      | Reached XP level 3. HP: 36/36 MP: 4/4
  1170 | D:2      | Reached XP level 4. HP: 44/44 MP: 5/5
  1660 | D:3      | Noticed Jessica
  1661 | D:3      | Killed Jessica
  1661 | D:3      | Reached skill level 3 in Fighting
  1702 | D:3      | Found an opulent altar of Gozag.
  1782 | D:3      | Noticed Crazy Yiuf
  1786 | D:3      | Killed Crazy Yiuf
  1786 | D:3      | Reached XP level 5. HP: 53/53 MP: 6/6
  1861 | D:3      | Found a stormy altar of Qazlal.
  2400 | D:3      | Reached skill level 4 in Maces & Flails
  2461 | D:4      | Reached XP level 6. HP: 58/62 MP: 7/7
  2494 | D:4      | Noticed an ogre
  2497 | D:4      | Killed an ogre
  2598 | D:4      | Reached skill level 5 in Maces & Flails
  2744 | D:4      | Reached XP level 7. HP: 71/71 MP: 8/8
  2781 | D:4      | Noticed Sigmund
  2815 | D:4      | Killed Sigmund
  2815 | D:4      | Reached skill level 5 in Fighting
  3081 | D:4      | Reached skill level 6 in Maces & Flails
  3427 | D:4      | Found a staircase to the Ecumenical Temple.
  3480 | Temple   | Entered the Ecumenical Temple
  3500 | Temple   | Became a worshipper of Warmaster Okawaru
  3727 | D:4      | Noticed a phantom
  3764 | D:4      | Killed a phantom
  3960 | D:4      | Found a white marble altar of Elyvilon.
  3998 | D:5      | Entered Level 5 of the Dungeon
  4033 | D:5      | Reached XP level 8. HP: 65/81 MP: 9/9
  4452 | D:5      | Reached skill level 7 in Maces & Flails
  4464 | D:5      | Acquired Okawaru's first power
  4540 | D:5      | Reached skill level 5 in Throwing
  4966 | D:5      | HP: 3/83 [something (8)]
  4970 | D:5      | Slain by an unseen horror

Vault maps used:
D:1:      minmay_arrival_open_corners
D:3:      old_standard_altar, nicolae_gozag_seed_capital,
          uniq_crazy_yiuf_cottage, uniq_jessica
D:4:      lemuel_coloured_pillars_altar, temple_green, nrook_mini_backslash,
          uniq_sigmund
D:5:      old_standard_altar, first_bread, serial_aquarium,
          aquarium_bridge_square, aquarium_window_fake,
          aquarium_window_corridor_1, aquarium_view_2d, aquarium_view_2a
Temple:   zaba_magenta_temple_12

Action                   |  1- 3 |  4- 6 |  7- 9 || total
-------------------------+-------+-------+-------++-------
Melee: Short sword       |    15 |       |       ||    15
       Unarmed           |     7 |       |       ||     7
       Club              |    44 |       |       ||    44
       Whip              |    59 |   157 |   124 ||   340
       Giant club        |       |       |    31 ||    31
Throw: Large rock        |    17 |    29 |    28 ||    74
       Throwing net      |     2 |     5 |     6 ||    13
       Javelin           |       |     3 |    29 ||    32
Invok: Heroism           |       |       |     1 ||     1
  Use: Potion            |     1 |       |     4 ||     5
 Stab: Sleeping          |       |     1 |       ||     1
       Held in net/web   |       |     1 |       ||     1
  Eat: Chunk             |     1 |     5 |     6 ||    12
